Map: Neon Violet Square LE

Players

Traviz

  • Race: Terran Terran
  • League: Gold
  • Spawn Location: 11:00

fruitcake - Winner!

  • Race: Zerg Zerg
  • Spawn Location: 5:00

VOD

Have the link to the VOD?

Description

Time

  • Played on: May 9, 2018, 7:48 p.m.
  • Length: 23:02
Show
View Real Time Build Order
Export as new Build Order

Traviz Terran 

Build Orders:  

Get SALT Encoding   

  12  0:01  SCV  
  13  0:15  Supply Depot  
  13  0:19  SCV  
  14  0:26  Refinery  
  14  0:38  Barracks  
  14  0:44  SCV  
  15  0:50  Refinery  
  15  0:56  SCV  
  16  1:08  SCV  
  17  1:21  SCV  
  18  1:25  Supply Depot  
  18  1:31  Barracks Reactor  
  18  1:37  Orbital Command  
  18  1:50  Factory  
  18  2:07  SCV  
  19  2:08  Marine x2  
  21  2:18  Supply Depot  
  21  2:20  SCV  
  22  3:01  Armory  
  22  3:03  Cyclone x2  
  28  3:06  Barracks Tech Lab  
  28  3:10  Barracks Tech Lab  
  28  3:19  SCV  
  29  3:32  Factory  
  29  3:33  Marine, Stimpack  
  30  3:42  Cyclone  
  33  3:48  Cyclone  
  36  3:55  Marine  
  36  3:58  SCV  
  38  5:02  Supply Depot  
  38  5:04  Supply Depot  
  38  5:05  Terran Vehicle Weapons Level 1  
  38  5:06  SCV  
  39  5:09  Factory Tech Lab  
  39  5:24  Cyclone, Supply Depot, Marauder  
  39  5:27  Barracks  
  44  5:28  Thor  
  50  5:40  SCV  
  51  5:45  Marauder  
  51  5:46  Concussive Shells  
  53  5:54  Cyclone  
  56  6:02  Cyclone  
  59  6:09  Marauder  
  61  6:11  SCV  
  62  6:23  Barracks Tech Lab  
  57  7:12  Marauder  
  57  7:14  Marauder  
  61  7:37  Supply Depot  
  61  7:49  Marauder  
  63  7:59  Cyclone x2, Marauder  
  63  8:00  Supply Depot  
  71  8:07  Command Center  
  71  8:21  Siege Tank  
  71  8:25  Terran Vehicle Weapons Level 2  
  74  8:53  Marine  
  74  8:54  Marine  
  74  8:55  Siege Tank  
  79  8:59  Supply Depot  
  79  9:13  Cyclone  
  76  9:22  Supply Depot  
  76  9:42  Siege Tank  
  79  9:59  Cyclone  
  82  10:05  SCV  
  83  10:10  SCV  
  83  10:14  Siege Tank  
  87  10:15  Barracks Reactor  
  87  10:17  SCV  
  88  10:21  Barracks Reactor  
  88  10:22  SCV  
  89  10:30  SCV  
  89  10:34  SCV  
  91  10:40  Refinery  
  91  10:42  SCV  
  92  10:43  Cyclone, Refinery  
  92  10:44  Cyclone  
  92  10:46  SCV  
  99  10:54  SCV  
  99  10:56  Marine x2  
  102  10:58  SCV, Marine x2  
  105  11:05  Engineering Bay  
  105  11:06  SCV  
  105  11:07  Engineering Bay  
  105  11:10  SCV  
  107  11:12  Siege Tank  
  110  11:22  Supply Depot  
  110  11:24  Supply Depot  
  110  11:26  Orbital Command  
  110  11:36  Terran Infantry Weapons Level 1  
  110  11:37  Terran Infantry Armor Level 1  
  110  11:44  Hellbat x2  
  110  11:46  Barracks  
  114  11:54  Starport  
  114  13:16  Siege Tank  
  114  13:17  Cyclone x2  
  114  13:18  Marine  
  114  13:19  Marine x2  
  126  13:23  Supply Depot  
  126  13:27  Supply Depot  
  126  13:40  Supply Depot  
  126  13:44  Marine x4  
  126  13:45  SCV  
  126  13:47  Supply Depot  
  131  13:48  Siege Tank  
  131  13:49  Cyclone  
  137  13:57  SCV  
  137  14:02  Marine  
  138  14:09  Supply Depot  
  136  14:20  Siege Tank  
  63  14:38  Marine x3  
  58  14:39  Marine  
  58  14:41  Cyclone x2  
  68  14:47  Starport Reactor  
  68  14:52  Siege Tank  
  71  15:06  Supply Depot  
  71  15:18  Barracks Tech Lab  
  71  15:23  Barracks Tech Lab  
  71  15:40  Marauder  
  75  15:42  Marauder  
  75  15:47  Terran Infantry Weapons Level 2  
  75  16:00  Command Center  
  75  16:02  Marauder  
  79  16:04  Marauder  
  79  16:15  Refinery x2  
  79  16:21  Combat Shields  
  79  16:23  Supply Depot, Marauder  
  79  16:25  Marauder  
  83  16:44  Marauder  
  85  16:48  Marauder  
  87  16:59  Medivac  
  87  17:00  Medivac  
  91  17:06  Marauder  
  93  17:13  Terran Infantry Armor Level 2  
  93  17:26  Marauder  
  93  17:27  Marauder  
  97  17:33  Supply Depot  
  97  17:36  Supply Depot  
  97  17:40  Supply Depot  
  97  17:43  Orbital Command  
  97  17:45  Medivac  
  97  17:50  Marauder  
  101  17:52  Marauder  
  103  18:15  Marauder x2  
  107  18:25  Barracks  
  107  18:33  SCV, Barracks  
  108  18:36  Barracks  
  108  18:46  SCV  
  109  19:05  Marauder  
  109  19:06  Marauder  
  113  19:14  Terran Infantry Weapons Level 3  
  113  19:16  Barracks Tech Lab  
  113  19:27  Barracks Tech Lab  
  113  19:28  Barracks Tech Lab  
  113  19:44  Marauder x2  
  117  19:49  Marauder x3  
  123  20:13  Medivac x2  
  127  20:26  Sensor Tower  
  127  20:33  Unknown x16  
  127  20:34  Marauder  
  127  20:35  Marauder, Unknown x2  
  131  20:36  Marauder x3  
  137  20:43  Medivac x2  
  141  20:57  Marauder  
  141  20:58  Marauder x2  
  147  21:13  Medivac x2  
  148  21:44  Marauder  
  148  21:45  Marauder x2  
  154  22:05  Marauder  
  154  22:06  Marauder x2  
  154  22:08  Orbital Command  
  160  22:27  Marauder x3  
Show
View Real Time Build Order
Export as new Build Order

fruitcake Zerg - Winner!

Build Orders: Pool First, Ravager All-In 

Get SALT Encoding   

  12  0:00  Drone  
  13  0:10  Drone  
  14  0:17  Drone, Extractor  
  14  0:25  Drone, Extractor  
  14  0:40  Overlord x2  
  14  0:58  Spawning Pool  
  14  1:01  Drone  
  14  1:05  Drone  
  15  1:13  Drone  
  15  1:17  Drone  
  17  1:28  Drone  
  18  1:45  Drone  
  19  1:47  Lair  
  19  1:51  Zergling x2  
  20  2:00  Zergling x2  
  21  2:10  Drone  
  21  2:14  Roach Warren  
  21  2:23  Drone  
  22  2:31  Drone  
  23  2:54  Queen  
  25  2:59  Hatchery  
  24  3:05  Overlord  
  24  3:06  Overlord  
  24  3:31  Roach x3  
  30  3:42  Roach  
  32  3:54  Roach  
  34  4:03  Queen  
  34  4:06  Roach  
  38  4:13  Overlord x2  
  37  4:20  Roach x2  
  41  4:31  Ravager x2  
  42  4:32  Ravager x4  
  42  4:38  Roach  
  48  4:47  Drone  
  49  5:09  Roach x2  
  49  5:13  Overlord  
  53  5:28  Hatchery  
  52  5:43  Roach x2  
  56  5:51  Hydralisk Den  
  56  5:55  Ravager x2  
  57  6:08  Evolution Chamber  
  56  6:22  Hydralisk x2  
  49  6:48  Hydralisk x2  
  49  6:53  Zerg Missile Weapons Level 1  
  53  7:09  Spore Crawler  
  52  7:18  Drone x3  
  52  7:21  Drone  
  56  7:43  Infestation Pit  
  55  7:45  Drone x2  
  55  7:47  Drone  
  58  7:55  Drone x2  
  60  8:12  Overseer  
  60  8:15  Overseer  
  61  8:20  Drone x4  
  61  8:21  Drone  
  65  8:34  Grooved Spines  
  65  8:47  Zerg Ground Armor Level 1  
  65  8:56  Infestor  
  65  8:59  Overlord x2  
  67  9:03  Drone  
  67  9:07  Drone, Extractor  
  67  9:08  Drone, Extractor  
  68  9:27  Hive  
  68  9:34  Drone x3  
  68  9:37  Hydralisk  
  68  9:38  Hydralisk x3  
  79  10:03  Hatchery  
  78  10:10  Drone x2  
  78  10:11  Drone  
  81  10:14  Infestor  
  81  10:17  Overlord x2  
  81  10:18  Overlord  
  83  10:35  Infestor x3  
  83  10:39  Overlord  
  89  10:59  Ultralisk Cavern  
  89  11:00  Drone x2  
  89  11:01  Drone  
  89  11:03  Drone  
  89  11:04  Drone x6  
  94  11:05  Drone  
  94  11:07  Drone  
  94  11:10  Drone  
  101  11:24  Spire  
  100  11:30  Drone  
  100  11:31  Drone  
  100  11:32  Extractor  
  101  11:40  Drone  
  101  11:44  Extractor  
  101  11:53  Zerg Ground Armor Level 2  
  101  12:05  Ultralisk  
  107  12:12  Drone x2  
  107  12:13  Drone  
  110  12:16  Hatchery, Glial Reconstitution  
  110  12:21  Drone x2  
  110  12:22  Drone  
  112  12:26  Ultralisk  
  118  12:30  Chitinous Plating  
  118  12:48  Overlord x2  
  118  12:49  Overlord  
  118  12:51  Overlord  
  118  13:10  Ultralisk x2  
  127  13:28  Ultralisk x2  
  127  13:33  Ultralisk  
  145  13:50  Ultralisk  
  151  13:57  Ultralisk  
  151  14:02  Drone x3  
  149  14:23  Ultralisk  
  149  14:24  Ultralisk  
  124  14:27  Drone  
  112  14:36  Ultralisk  
  112  14:46  Drone x3  
  112  14:47  Drone x4  
  112  14:50  Extractor  
  112  14:51  Extractor  
  117  15:00  Zerg Ground Armor Level 3  
  117  15:01  Hatchery  
  117  15:03  Queen  
  117  15:05  Drone  
  119  15:16  Drone  
  120  15:26  Ultralisk x2  
  132  15:32  Ultralisk  
  132  15:33  Queen  
  140  15:38  Queen  
  142  15:44  Queen  
  142  15:47  Queen  
  146  15:59  Ultralisk  
  146  16:01  Ultralisk  
  158  16:14  Ultralisk  
  158  16:16  Queen  
  166  16:18  Extractor  
  166  16:23  Extractor  
  164  16:31  Drone x2  
  164  16:32  Overlord  
  166  16:33  Overlord x4  
  166  16:44  Overseer x3  
  166  16:58  Ultralisk x2  
  166  16:59  Ultralisk  
  184  17:03  Greater Spire  
  184  17:16  Drone x2  
  184  17:19  Drone  
  184  17:20  Drone x3  
  184  17:21  Drone x3  
  193  17:23  Drone  
  193  17:24  Ultralisk  
  200  17:39  Overseer  
  200  18:02  Spore Crawler  
  199  18:16  Zerg Missile Weapons Level 2  
  199  18:19  Zerg Flyer Weapons Level 1  
  199  19:54  Drone  
  200  20:33  Zerg Melee Weapons Level 1  
  170  21:13  Ultralisk x5  
  170  21:14  Ultralisk x2  
  141  21:41  Corruptor x2  
  141  21:42  Corruptor x3  
  141  21:43  Corruptor  
  141  21:44  Corruptor x21  
  141  21:45  Corruptor  
  191  21:56  Corruptor x2  
  191  21:57  Corruptor x2  
  163  22:36  Brood Lord x3  
  163  22:37  Brood Lord x5  
  187  22:42  Zergling x2  
  187  22:43  Zergling x16  
Tags
 
Add a new tag
Caveats
  • Supply blocks, unpowered buildings, or Contaminate may cause inaccurate times.
  • Supply counts are checked every 10 seconds.